 Dungeon Crawl Stone Soup version 0.22-a0-565-gfc6459a (webtiles) character file.

3 Amnesiac the Magician (level 1, 0/9 HPs)
             Began as a Spriggan Wanderer on June 28, 2018.
             Slain by a giant cockroach (2 damage)
             ... on level 1 of the Dungeon.
             The game lasted 00:00:32 (127 turns).

Amnesiac the Magician (Spriggan Wanderer)            Turns: 127, Time: 00:00:33

Health: 0/9        AC:  2    Str:  6    XL:     1   Next: 41%
Magic:  7/7        EV: 15    Int: 13    God:
Gold:   9          SH:  0    Dex: 17    Spells: 10/10 levels left

rFire    . . .     SeeInvis +   e - +0 dagger
rCold    . . .     Gourm    .   (shield restricted)
rNeg     . . .     Faith    .   d - +0 robe
rPois    .         Spirit   .   (helmet restricted)
rElec    .         Reflect  .   (no cloak)
rCorr    .         Harm     .   (gloves unavailable)
MR       .....                  (boots unavailable)
Stlth    ++........             (no amulet)
HPRegen  0.03/turn              (no ring)
MPRegen  0.10/turn              (no ring)

@: very quick
A: very small, unfitting armour, see invisible, herbivore, speed 3, slow
metabolism 2
a: no special abilities


You were on level 1 of the Dungeon.
You were not hungry.

You visited 1 branch of the dungeon, and saw 1 of its levels.

You collected 9 gold pieces.

Inventory:

Hand Weapons
 e - a +0 dagger (weapon)
Armour
 d - a +0 robe (worn)
Scrolls
 c - a scroll of teleportation {!r}
Comestibles
 f - 3 rations


   Skills:
 * Level 0.6 Short Blades
 + Level 0.5 Stealth
   Level 1.0 Shields
 + Level 5.3 Spellcasting
   Level 3.0 Charms
   Level 2.6 Transmutations
   Level 1.3 Evocations


You had 10 spell levels left.
You didn't know any spells.
Your spell library contained the following spells:

 Spells                   Type           Power        Failure   Level  Hunger
 Summon Small Mammal      Summ           #...         19%         1    None
 Regeneration             Chrm/Necr      #.........   28%         3    ###....
 Call Canine Familiar     Summ           #.......     47%         3    ###....
 Shroud of Golubria       Chrm/Tloc      #.........   14%         2    ##.....
 Infusion                 Chrm           ##..         5%          1    None
 Song of Slaying          Chrm           ##......     8%          2    ##.....
 Spectral Weapon          Hex/Chrm       #.......     28%         3    ###....


Dungeon Overview and Level Annotations

Branches:
Dungeon (1/15)

Altars:


Innate Abilities, Weirdness & Mutations

You are very small and have problems with some larger weapons.
You are too small for most types of armour.
You have supernaturally acute eyesight. (SInv)
You are a herbivore.
You cover ground extremely quickly.
You need to consume almost no food.


Message History

You hit the giant cockroach but do no damage.
The giant cockroach is moderately wounded.
The giant cockroach barely misses you.
A giant cockroach is nearby!
You closely miss the giant cockroach.
The giant cockroach is moderately wounded.
The giant cockroach completely misses you.
You barely miss the giant cockroach.
The giant cockroach is moderately wounded.
The giant cockroach completely misses you.
You barely miss the giant cockroach.
The giant cockroach is moderately wounded.
The giant cockroach bites you.
You hit the giant cockroach but do no damage.
The giant cockroach is moderately wounded.
The giant cockroach barely misses you. The giant cockroach closely misses you.
You closely miss the giant cockroach.
The giant cockroach is moderately wounded.
The giant cockroach bites you but does no damage.
You hit the giant cockroach but do no damage.
The giant cockroach completely misses you.
You hit the giant cockroach but do no damage.
The giant cockroach bites you.
You hit the giant cockroach but do no damage.
The giant cockroach misses you.
You hit the giant cockroach but do no damage.
The giant cockroach completely misses you.
You hit the giant cockroach but do no damage.
The giant cockroach misses you. The giant cockroach bites you.
* * * LOW HITPOINT WARNING * * *
You completely miss the giant cockroach.
The giant cockroach bites you.
* * * LOW HITPOINT WARNING * * *
You are too injured to fight recklessly!
You hit the giant cockroach.
The giant cockroach is moderately wounded.
The giant cockroach misses you.
You are too injured to fight recklessly!
You barely miss the giant cockroach.
The giant cockroach is moderately wounded.
The giant cockroach closely misses you.
You are too injured to fight recklessly!
You hit the giant cockroach but do no damage.
The giant cockroach is moderately wounded.
The giant cockroach misses you.
You hit the giant cockroach but do no damage.
The giant cockroach is moderately wounded.
The giant cockroach misses you.
You are too injured to fight recklessly!
You hit the giant cockroach but do no damage.
The giant cockroach is moderately wounded.
The giant cockroach bites you but does no damage.
The giant cockroach misses you.
You are too injured to fight recklessly!
You closely miss the giant cockroach.
The giant cockroach is moderately wounded.
The giant cockroach closely misses you.
You are too injured to fight recklessly!
You hit the giant cockroach but do no damage.
The giant cockroach is moderately wounded.
The giant cockroach closely misses you.
You are too injured to fight recklessly!
You barely miss the giant cockroach. The giant cockroach bites you.
You die...

##...#.######.....##
##....†..............
##.......######.###.##
#.........# ##.###.#
##.......#####...##.#
##.....####...#.##.#
##....##.......##.##
##.#.##....)###.#.#
#@#...........###.
#s####.....###.#.# #.#
#.....# ##.## #.#
###.### #.# #.# #. #.#
#.. .. #.## ### ###
#... ####


You could see a giant cockroach.

Vanquished Creatures
  A bat (D:1)
  A goblin (D:1)
  A rat (D:1)
3 creatures vanquished.

Notes
Turn   | Place    | Note
-------+----------+-------------------------------------------
     0 | D:1      | Amnesiac the Spriggan Wanderer began the quest for the Orb.
     0 | D:1      | Amnesiac set off with: a scroll of teleportation {!r}, a +0 robe, a +0 dagger, a ration
     0 | D:1      | Reached XP level 1. HP: 9/9 MP: 7/7
   127 | D:1      | Slain by a giant cockroach

Vault maps used:
D:1:      lightli_arrival_quake

Action                   || total
-------------------------++-------
Melee: Dagger            ||    29
 Stab: Sleeping          ||     1
Armor: Robe              ||     2
Dodge: Dodged            ||    21

Table legend:
 A = Spawn XP
 B = Non-spawn XP
 C = Spawn XP percentage of total XP
 D = Spawn monster count
 E = Non-spawn monster count
 F = Spawn count percentage of total count
 G = Total turns spent on level
                    A         B        C        D         E        F      G
               +---------+---------+-------+---------+---------+-------+---------
         Total |       0 |       5 |   0.0 |       0 |       3 |   0.0 |   127
               +---------+---------+-------+---------+---------+-------+---------
           D:1 |       0 |       5 |   0.0 |       0 |       3 |   0.0 |   127
               +---------+---------+-------+---------+---------+-------+---------
